 Dungeon Crawl Stone Soup version 0.17-a0-1093-g0b3cd89 (webtiles) character file.

852 HEYYEYAAE the Ducker (level 8, -3/54 HPs)
             Began as an Octopode Fighter on May 20, 2015.
             Slain by an ogre zombie
             ... wielding a +0 giant club
             ... animated by a shadow imp
              (17 damage)
             ... on level 5 of the Dungeon.
             The game lasted 00:04:34 (3204 turns).

HEYYEYAAE the Ducker (Octopode Fighter)             Turns: 3204, Time: 00:04:34

Health: -3/54      AC:  1    Str: 15    XL:     8   Next: 1%
Magic:  8/8        EV: 13    Int: 10    God:
Gold:   285        SH: 10    Dex: 14    Spells: 0 memorised, 7 levels left

rFire  . . .     SeeInvis .     a - +0 war axe
rCold  + . .     Clarity  .     b - +0 shield
rNeg   . . .     SustAb   .     (helmet restricted)
rPois  .         Gourm    .     (no amulet)
rElec  .         Spirit   .     n - ring of protection from cold
rCorr  .         Warding  .     (no ring)
rMut   .         Stasis   .     (no ring)
MR     .....                    (no ring)
Stlth  ++........               (no ring)
                                (no ring)
                                (no ring)
                                (no ring)

@: not resistant to hostile enchantments, unstealthy
A: almost no armour, amphibious, 8 rings, constrict 8, camouflage 1, gelatinous
body 1
a: no special abilities


You were on level 5 of the Dungeon.
You were hungry.

You visited 1 branch of the dungeon, and saw 5 of its levels.

You collected 285 gold pieces.

Inventory:

Hand weapons
 a - a +0 war axe (weapon)
 k - a +1 dagger of speed
 p - a cursed -1 short sword
 z - a +2 vampiric short sword
Armour
 b - a +0 shield (worn)
Jewellery
 n - a ring of protection from cold (left tentacle)
Magical devices
 m - a wand of confusion (0)
 v - a wand of paralysis (0)
Scrolls
 c - a scroll of magic mapping {unknown}
 e - 3 scrolls of identify {unknown}
 g - 4 scrolls of noise {unknown}
 l - 3 scrolls of remove curse {unknown}
 q - 2 scrolls of enchant weapon {unknown}
 r - 2 scrolls of enchant armour {unknown}
 t - 2 scrolls of amnesia {unknown}
 y - a scroll of fear {unknown}
 A - a scroll of teleportation {unknown}
Potions
 h - a potion of lignification
 j - a potion of haste {unknown}
 o - a potion of resistance {unknown}
 u - a potion of degeneration {unknown}
 w - a potion of beneficial mutation {unknown}
 x - 2 potions of poison {unknown}
Comestibles
 d - 5 bread rations
 f - 3 slices of pizza
 i - 3 meat rations
 s - 6 fruits


   Skills:
 + Level 4.5 Fighting
 + Level 4.0 Axes
 * Level 5.9 Dodging
 * Level 5.8 Shields


You had 7 spell levels left.
You didn't know any spells.

Dungeon Overview and Level Annotations

Branches:
Dungeon (5/15)
 Temple: D:4-7

Altars:
Kikubaaqudgha


Innate Abilities, Weirdness & Mutations

You cannot wear most types of armour.
You are amphibious.
You can wear up to eight rings at the same time.
You can use your tentacles to constrict eight enemies at once.
Your skin changes colour to match your surroundings (Stealth).
Your rubbery body absorbs attacks (AC +1).


Message History

Your squeeze misses the shadow imp.
The shadow imp is heavily wounded.
The shadow imp closely misses you.
You slash the shadow imp!
You kill the shadow imp!
You barely miss the ogre zombie. You squeeze the ogre zombie.
The ogre zombie hits you with a giant club.
You hit the ogre zombie. You hit the ogre zombie. You squeeze the ogre zombie!
The ogre zombie misses you.
You hit the ogre zombie. You squeeze the ogre zombie.
The ogre zombie hits you with a giant club!
* * * LOW HITPOINT WARNING * * *
You are too injured to fight recklessly!
You are too injured to fight recklessly!
You are too injured to fight recklessly!
You are too injured to fight recklessly!
You hit the ogre zombie.
The ogre zombie hits you with a giant club!
You die...

#.....#.#.### #..
##############.#.#.#
...
...............#.#.#
################.#..
.......# #.#
######[# #.# #.# #.#
######.# #(#
....##.# #@#
###.##.# #Z# #.##.#
#.# #.##.# #.#
#.##.# #.# #.##.#
#.# #....# #..
#.#### #.# ###


You could see an ogre zombie.

Vanquished Creatures
  Eustachio (D:4)
  A phantom (D:5)
  2 ogres (D:5)
  An orc priest (D:4)
  A crimson imp (D:5)
  A giant frog zombie (D:4)
  A centaur skeleton (D:4)
  2 hounds (D:5)
  2 worker ants
  8 adders
  A shadow imp (D:5)
  2 oozes
  5 worms
  2 adder skeletons (D:4)
  8 orcs (D:4)
  A ball python (D:2)
  12 bats
  2 bat skeletons (D:4)
  2 giant cockroaches
  8 goblins
  10 hobgoblins
  4 jackals (D:4)
  7 quokkas
  2 giant geckos (D:4)
  5 giant newts
  11 kobolds
  10 rats
112 creatures vanquished.

Notes
Turn   | Place    | Note
--------------------------------------------------------------
     0 | D:1      | HEYYEYAAE the Octopode Fighter began the quest for the Orb.
     0 | D:1      | Reached XP level 1. HP: 16/16 MP: 1/1
   134 | D:1      | Reached XP level 2. HP: 18/21 MP: 2/2
   334 | D:1      | Reached XP level 3. HP: 24/26 MP: 3/3
   580 | D:2      | Reached XP level 4. HP: 21/31 MP: 4/4
   967 | D:3      | Reached skill level 4 in Dodging
  1052 | D:3      | Reached XP level 5. HP: 13/36 MP: 5/5
  2011 | D:4      | Noticed Eustachio
  2018 | D:4      | Killed Eustachio
  2018 | D:4      | Reached XP level 6. HP: 37/43 MP: 6/6
  2136 | D:4      | Reached skill level 5 in Dodging
  2302 | D:4      | Reached skill level 5 in Shields
  2312 | D:4      | Reached XP level 7. HP: 27/48 MP: 7/7
  2506 | D:5      | Entered Level 5 of the Dungeon
  2665 | D:5      | Found an ancient bone altar of Kikubaaqudgha.
  3194 | D:5      | Reached XP level 8. HP: 44/54 MP: 8/8
  3204 | D:5      | Slain by an ogre zombie

Vault maps used:
D:1:      dpeg_arrival_solitude, minmay_bisected
D:2:      first_bread, lemuel_another_geyser
D:3:      serial_park_tiny_1
D:4:      kennysheep_six_static_rooms, uniq_eustachio
D:5:      lemuel_round_altar

Action                   |  1- 3 |  4- 6 |  7- 9 || total
-------------------------+-------+-------+-------++-------
Melee: War axe           |    56 |   120 |    63 ||   239
Evoke: Wand              |       |     8 |     8 ||    16
  Use: Potion            |       |     2 |     1 ||     3
 Stab: Sleeping          |     2 |     5 |     3 ||    10
       Paralysed         |       |     2 |       ||     2
       Confused          |       |       |     3 ||     3
  Eat: Pizza             |       |     2 |       ||     2
       Chunk             |       |     1 |     3 ||     4
